Map: Pylon LE

Players

ManlyManMeat - Winner!

  • Race: Zerg Zerg
  • League: Master
  • Spawn Location: 11:00

vrtx

  • Race: Protoss Protoss
  • League: Platinum
  • Spawn Location: 5:00

VOD

Have the link to the VOD?

Description

Time

  • Played on: June 16, 2025, 1:55 p.m.
  • Length: 9:46
Show
View Real Time Build Order
Export as new Build Order

ManlyManMeat Zerg - Winner!

Build Orders: Hatch First 

Get SALT Encoding   

  12  0:07  Overlord  
  12  0:13  Drone  
  13  0:17  Drone  
  14  0:26  Drone  
  15  0:30  Drone  
  16  0:47  Hatchery  
  15  0:51  Drone  
  15  0:54  Drone  
  17  1:02  Drone  
  18  1:22  Drone, Spawning Pool  
  18  1:23  Extractor  
  17  1:27  Drone  
  18  1:37  Drone  
  19  1:45  Drone  
  20  1:58  Drone  
  21  2:01  Drone  
  21  2:07  Overlord  
  22  2:10  Queen  
  22  2:11  Queen  
  22  2:13  Drone  
  27  2:21  Zergling x2  
  28  2:32  Drone  
  29  2:41  Hatchery  
  29  2:43  Drone x2  
  29  2:44  Drone x2  
  32  2:53  Queen  
  34  3:02  Drone x2  
  34  3:04  Overlord  
  36  3:20  Roach Warren  
  34  3:49  Drone, Evolution Chamber  
  34  3:50  Drone x2, Evolution Chamber  
  34  3:55  Extractor  
  34  3:56  Extractor  
  34  3:58  Drone  
  34  3:59  Drone x6  
  40  4:04  Lair  
  40  4:08  Roach x4  
  40  4:09  Overlord  
  48  4:14  Overlord  
  48  4:16  Drone  
  49  4:39  Drone x2  
  49  4:40  Drone x6  
  49  4:44  Roach x3  
  63  4:48  Zerg Missile Weapons Level 1  
  63  4:52  Zerg Ground Armor Level 1  
  63  4:57  Queen  
  65  5:16  Overlord  
  65  5:17  Overlord  
  65  5:22  Overlord x2  
  65  5:29  Hydralisk Den  
  65  5:34  Queen  
  66  5:42  Glial Reconstitution  
  66  5:44  Roach x4  
  66  5:45  Roach x5  
  84  5:55  Zergling x10  
  89  6:00  Overlord x2  
  89  6:01  Overlord  
  89  6:13  Baneling Nest  
  88  6:34  Roach x7  
  88  6:35  Roach x5  
  112  6:51  Ravager  
  113  6:55  Overlord x3  
  113  7:00  Extractor  
  112  7:01  Extractor  
  112  7:02  Extractor  
  112  7:06  Baneling x2  
  112  7:07  Baneling x3  
  111  7:08  Zergling x6  
  113  7:22  Centrifugal Hooks  
  113  7:25  Zergling x18  
  120  7:46  Drone x10  
  120  8:04  Zergling x2  
  120  8:05  Zergling x8  
  119  8:31  Hydralisk x7  
  132  8:38  Hatchery  
  127  8:42  Hatchery  
  119  9:28  Hatchery  
Show
View Real Time Build Order
Export as new Build Order

vrtx Protoss 

Build Orders: 1 Gate Expand, Chargelot Immortal 

Get SALT Encoding   

  12  0:00  Probe  
  13  0:12  Probe  
  14  0:18  Pylon  
  14  0:24  Probe  
  15  0:36  Gateway  
  15  0:39  Probe  
  16  0:46  Assimilator  
  16  0:47  Probe  
  16  0:55  Probe  
  18  1:06  Probe  
  19  1:32  Nexus  
  19  1:40  Cybernetics Core, Zealot  
  21  1:56  Pylon  
  21  2:00  Assimilator  
  21  2:12  Adept  
  21  2:19  Gateway  
  23  2:23  Probe  
  24  2:31  Warp Gate  
  24  2:32  Robotics Facility  
  24  2:37  Probe  
  25  2:49  Adept  
  27  2:53  Probe  
  27  3:05  Robotics Facility  
  27  3:09  Probe  
  28  3:14  Probe  
  28  3:19  Immortal  
  33  3:41  Warp Prism  
  33  3:50  Probe x2  
  37  4:04  Immortal  
  41  4:20  Pylon  
  41  4:21  Observer, Twilight Council  
  42  4:30  Zealot x2  
  46  4:34  Charge  
  46  4:35  Pylon  
  46  4:38  Probe  
  47  4:51  Zealot  
  47  4:52  Zealot  
  51  5:05  Probe x2  
  53  5:12  Stalker x2  
  57  5:22  Probe x2  
  59  5:36  Assimilator  
  59  5:38  Probe x2  
  59  5:40  Forge  
  59  5:42  Gateway  
  61  5:53  Probe  
  62  5:57  Pylon  
  62  6:15  Probe  
  62  6:16  Zealot x2  
  67  6:20  Probe  
  67  6:23  Gateway  
  68  6:28  Gateway  
  68  6:38  Probe x2  
  70  6:45  Assimilator  
  70  6:50  Pylon  
  70  6:52  Gateway  
  70  6:56  Pylon  
  70  6:59  Gateway  
  70  7:06  Immortal  
  70  7:15  Immortal  
  78  7:25  Shield Battery  
  78  7:28  Probe x2  
  80  7:32  Shield Battery  
  77  7:40  Zealot x2  
  77  7:41  Zealot  
  55  7:59  Stalker x3  
  32  8:13  Zealot  
  32  8:14  Zealot  
  27  8:23  Zealot x2  
  30  8:34  Probe  
Tags
 
Add a new tag
Caveats
  • Supply blocks, unpowered buildings, or Contaminate may cause inaccurate times.
  • Supply counts are checked every 10 seconds.